[Event "Titled Tuesday Blitz April 11 Late 2023"]
[White "Roebers, Eline"]
[Black "Nakamura, Hikaru"]
[WhiteFideId "1058401"]
[BlackFideId "2016192"]
[WhiteElo "2356"]
[BlackElo "2885"]
[Result "0-1"]
[Round "01"]
[TimeControl "180+2"]
[Date "2023.04.11"]
[WhiteClock "0:00:00"]
[BlackClock "0:00:01"]

1. e4 g6 2. d4 c6 3. Nc3 d5 4. Nf3 Bg4 5. h3 Bxf3 6. Qxf3 e6 7. Bd3 Bg7 8. Be3 Ne7 9. O-O-O b5 10. exd5 exd5 11. Ne2 Nd7 12. h4 h5 13. g4 hxg4 14. Qxg4 Nf6 15. Qf3 Qd6 16. Bf4 Bh6 17. Kb1 Bxf4 18. Nxf4 O-O-O 19. h5 g5 20. Ne2 g4 21. Qg3 Qxg3 22. Nxg3 Neg8 23. Rde1 Nh6 24. Re5 Rde8 25. Rhe1 Kd8 26. Kc1 Rxe5 27. Rxe5 Nd7 28. Re1 Nf8 29. Kd2 Ne6 30. c3 Ke7 31. a4 a6 32. axb5 axb5 33. Ra1 Kf6 34. Ra6 Rc8 35. Ke3 Kg5 36. Ra7 f5 37. Kd2 f4 38. Ne2 Rf8 39. Re7 Rf6 40. Re8 Nf7 41. Rc8 Nfd8 42. Rb8 Kxh5 43. Rb6 Kh4 44. Ra6 g3 0-1


[Site "https://www.chess.com"]

[Event "Titled Tuesday Blitz April 11 Late 2023"]
[White "Naroditsky, Daniel"]
[Black "Omelja, Artem"]
[WhiteFideId "2026961"]
[BlackFideId "14119846"]
[WhiteElo "2633"]
[BlackElo "2404"]
[Result "1-0"]
[Round "01"]
[TimeControl "180+2"]
[Date "2023.04.11"]
[WhiteClock "0:00:00"]
[BlackClock "0:00:00"]

1. d4 Nf6 2. Nc3 d5 3. Bf4 c6 4. e3 g6 5. h4 h5 6. Nf3 Bg7 7. Qd2 Bf5 8. Ne5 Nbd7 9. f3 Nxe5 10. Bxe5 O-O 11. O-O-O Qa5 12. Kb1 Rfd8 13. Bd3 Bxd3 14. cxd3 Nd7 15. Bxg7 Kxg7 16. g4 Rh8 17. e4 e5 18. dxe5 Nxe5 19. gxh5 d4 20. Ne2 Qxd2 21. Rxd2 Nxf3 22. Rdd1 Rxh5 23. Rhf1 Ne5 24. Rf4 c5 25. Ng3 Rh7 26. h5 Re8 27. Kc2 b5 28. b3 Rd8 29. Rg1 Kh8 30. Rf6 c4 31. bxc4 bxc4 32. dxc4 Nxc4 33. hxg6 fxg6 34. Rxg6 d3+ 35. Kc3 Ne5 36. Re6 Rc7+ 37. Kb3 Rb8+ 38. Ka4 Rc4+ 39. Ka3 Rc3+ 40. Ka4 Rc4+ 41. Ka3 Rc5 42. Rh6+ Kg7 43. Nf5+ Kf7 44. Rg7+ 1-0


[Site "https://www.chess.com"]

[Event "Titled Tuesday Blitz April 11 Late 2023"]
[White "Lorenzo De La Riva, Lazaro"]
[Black "Bortnyk, Olexandr"]
[WhiteFideId "2268809"]
[BlackFideId "14120828"]
[WhiteElo "2294"]
[BlackElo "2734"]
[Result "0-1"]
[Round "01"]
[TimeControl "180+2"]
[Date "2023.04.11"]
[WhiteClock "0:00:00"]
[BlackClock "0:00:01"]

1. Nf3 Nf6 2. g3 b6 3. Bg2 Bb7 4. O-O g6 5. b3 Bg7 6. Bb2 O-O 7. c4 Na6 8. Nc3 c5 9. e3 e6 10. Qe2 d5 11. d3 Qe7 12. Rfd1 Rfd8 13. Rac1 Nb4 14. a3 Nc6 15. Na4 Rac8 16. Rb1 Ba8 17. Ne5 Nxe5 18. Bxe5 Nd7 19. Bxg7 Kxg7 20. cxd5 Bxd5 21. Bxd5 exd5 22. d4 cxd4 23. Rxd4 Qxa3 24. Rxd5 Nf6 25. Rxd8 Rxd8 26. Nc3 a6 27. Rd1 Rxd1+ 28. Qxd1 b5 29. Nd5 Qd6 30. e4 Nxe4 31. Qd4+ Nf6 32. g4 Qxd5 0-1


[Site "https://www.chess.com"]

[Event "Titled Tuesday Blitz April 11 Late 2023"]
[White "Duda, Jan-Krzysztof"]
[Black "Dobre, Claudiu-Cristian"]
[WhiteFideId "1170546"]
[BlackFideId "1211854"]
[WhiteElo "2790"]
[BlackElo "2207"]
[Result "1-0"]
[Round "01"]
[TimeControl "180+2"]
[Date "2023.04.11"]
[WhiteClock "0:00:01"]
[BlackClock "0:00:00"]

1. e4 e5 2. Nf3 Nf6 3. Nxe5 d6 4. Nf3 Nxe4 5. Nc3 Nf6 6. d4 Be7 7. Bd3 O-O 8. h3 Re8 9. O-O Nbd7 10. Bf4 b6 11. a4 a6 12. d5 Bb7 13. Nd4 Bf8 14. Bc4 Ne5 15. Ba2 Qd7 16. Qd2 h6 17. b4 Ng6 18. Bg3 Ne4 19. Nxe4 Rxe4 20. c4 Rae8 21. Bb1 R4e7 22. Bf5 Qd8 23. a5 Ne5 24. Bd3 g6 25. Bh4 g5 26. Bg3 Nxd3 27. Qxd3 Bc8 28. Nc6 Qd7 29. Nxe7+ Qxe7 30. axb6 cxb6 31. f3 Qf6 32. Rae1 Rxe1 33. Rxe1 Bg7 34. Re8+ 1-0


[Site "https://www.chess.com"]

[Event "Titled Tuesday Blitz April 11 Late 2023"]
[White "Tomaszewski, Kacper"]
[Black "Lazavik, Denis"]
[WhiteFideId "1127373"]
[BlackFideId "13515110"]
[WhiteElo "2211"]
[BlackElo "2560"]
[Result "0-1"]
[Round "01"]
[TimeControl "180+2"]
[Date "2023.04.11"]
[WhiteClock "0:00:00"]
[BlackClock "0:00:00"]

1. d4 Nf6 2. c4 e6 3. Nc3 Bb4 4. Bf4 O-O 5. e3 c5 6. dxc5 Ne4 7. Qc2 Nxc3 8. bxc3 Bxc5 9. Bd3 h6 10. Nf3 Be7 11. h4 d6 12. g4 e5 13. Bg3 Bxg4 14. Nh2 Be6 15. Rg1 Nd7 16. f4 exf4 17. Bxf4 Bxh4+ 18. Kd2 Kh8 19. Nf3 Ne5 20. Nxe5 dxe5 21. Bxe5 Bf6 22. Bd4 Bxd4 23. cxd4 Qa5+ 24. Qc3 Qxc3+ 25. Kxc3 Rac8 26. Rab1 Rc7 27. Rb4 Rfc8 28. Rgb1 b6 29. a4 a5 30. Rxb6 Bxc4 31. Bxc4 Rxc4+ 32. Kd3 Rc3+ 33. Kd2 Rc2+ 34. Kd3 R8c3+ 35. Ke4 Re2 36. R1b5 Rexe3+ 37. Kd5 Rg3 38. Kd6 Rg6+ 39. Ke7 Rxb6 40. Rxb6 Rd3 41. Rd6 f5 42. d5 f4 43. Rd8+ Kh7 44. d6 Re3+ 45. Kd7 g5 46. Re8 Rd3 47. Re6 f3 48. Rf6 g4 49. Ke7 g3 50. d7 f2 51. Rd6 Rxd6 52. Kxd6 f1=Q 0-1


[Site "https://www.chess.com"]

[Event "Titled Tuesday Blitz April 11 Late 2023"]
[White "Karas, Marek"]
[Black "Sargsyan, Shant"]
[WhiteFideId "14928558"]
[BlackFideId "13306766"]
[WhiteElo "2233"]
[BlackElo "2628"]
[Result "1/2-1/2"]
[Round "01"]
[TimeControl "180+2"]
[Date "2023.04.11"]
[WhiteClock "0:00:21"]
[BlackClock "0:00:26"]

1. d4 g6 2. e4 Nf6 3. e5 Nh5 4. Be2 d6 5. Nf3 Bg7 6. exd6 Qxd6 7. O-O O-O 8. c3 Nf4 9. Bxf4 Qxf4 10. Nbd2 Rd8 11. Qb3 c6 12. Rad1 Nd7 13. Rfe1 Nb6 14. Qc2 Be6 15. a3 a5 16. Qe4 Nd5 17. Qxf4 Nxf4 18. Bc4 Bxc4 19. Nxc4 e6 20. g3 Nd5 21. Ne3 b5 22. Nxd5 cxd5 23. Ra1 Rdb8 24. Kf1 Bf8 25. Ke2 Bd6 26. Kd3 h5 27. Nd2 Kf8 28. b4 a4 29. f4 Rc8 30. Rac1 Rc7 31. Nf3 Rac8 32. Nd2 Ke7 33. Nf3 f6 34. Nd2 Kf7 35. Nf3 Bf8 36. Re2 Be7 37. h4 Bd6 38. Rf2 Ke7 39. Re2 Kd7 40. Rf2 Rf8 41. Rcf1 Re8 42. Re2 Rec8 43. Rc1 Bf8 44. Rcc2 Kd6 45. Rc1 Re7 46. Rce1 Bg7 47. Kd2 Rf8 48. Kd3 Rfe8 49. Re3 Bf8 50. R1e2 Rc7 51. Ne1 Kd7 52. Kd2 Bd6 53. Nd3 Rc6 54. Nc5+ Bxc5 55. bxc5 Rb8 56. Kd3 Re8 57. Re1 Rc7 58. Rb1 Kc6 59. Rbe1 Rce7 60. R3e2 Kc7 61. Re3 Kd7 62. Rb1 Kc6 63. Rbe1 Kb7 64. R1e2 Ka6 65. Re1 Ka7 66. R1e2 Kb8 67. Re1 Kc8 68. Rb1 Rb7 69. Rbe1 Rbe7 70. Rb1 Rb7 71. Rbe1 Rbe7 1/2-1/2


[Site "https://www.chess.com"]

[Event "Titled Tuesday Blitz April 11 Late 2023"]
[White "Vachier-Lagrave, Maxime"]
[Black "Korkmaz, Necmettin"]
[WhiteFideId "623539"]
[BlackFideId "6303285"]
[WhiteElo "2740"]
[BlackElo "2097"]
[Result "1-0"]
[Round "01"]
[TimeControl "180+2"]
[Date "2023.04.11"]
[WhiteClock "0:00:01"]
[BlackClock "0:00:01"]

1. d4 d5 2. c4 c6 3. Nf3 Nf6 4. e3 e6 5. Qc2 Nbd7 6. b3 Bb4+ 7. Bd2 Bxd2+ 8. Nbxd2 O-O 9. Bd3 Qe7 10. O-O h6 11. e4 dxe4 12. Nxe4 e5 13. Rfe1 exd4 14. Rad1 Ne5 15. Nxf6+ gxf6 16. Qd2 Kg7 17. Qf4 Nxf3+ 18. gxf3 Qc5 19. Kh1 Qh5 20. Rg1+ Kh8 21. Qxf6# 1-0


[Site "https://www.chess.com"]

[Event "Titled Tuesday Blitz April 11 Late 2023"]
[White "Hnydiuk, Aleksander"]
[Black "Bluebaum, Matthias"]
[WhiteFideId "1109057"]
[BlackFideId "24651516"]
[WhiteElo "2374"]
[BlackElo "2638"]
[Result "0-1"]
[Round "01"]
[TimeControl "180+2"]
[Date "2023.04.11"]
[WhiteClock "0:00:00"]
[BlackClock "0:00:01"]

1. e4 e6 2. d4 d5 3. e5 c5 4. c3 Nc6 5. Nf3 Nge7 6. a3 Bd7 7. b4 cxd4 8. cxd4 Nf5 9. Bb2 b5 10. Be2 a5 11. bxa5 Nxa5 12. O-O Nc4 13. Bc3 Be7 14. Qb3 O-O 15. Bb4 Bxb4 16. Qxb4 Ra4 17. Qc3 Qe7 18. Nbd2 Rfa8 19. Rfb1 Rxa3 20. Rxa3 Rxa3 21. Qc1 Ra8 22. Nb3 h6 23. Bd3 Nh4 24. Ne1 Rc8 25. Nc5 Nxe5 26. Bxb5 Nf5 27. Bxd7 Nxd7 28. Rb7 Nxd4 29. Ned3 0-1


[Site "https://www.chess.com"]

[Event "Titled Tuesday Blitz April 11 Late 2023"]
[White "Sarana, Alexey"]
[Black "Zarnicki, Pablo"]
[WhiteFideId "24133795"]
[BlackFideId "100137"]
[WhiteElo "2714"]
[BlackElo "2468"]
[Result "1-0"]
[Round "01"]
[TimeControl "180+2"]
[Date "2023.04.11"]
[WhiteClock "0:00:00"]
[BlackClock "0:00:00"]

1. d4 Nf6 2. c4 e6 3. Nc3 Bb4 4. e3 c5 5. Bd3 Nc6 6. Ne2 cxd4 7. exd4 d5 8. c5 O-O 9. O-O e5 10. a3 Bxc3 11. bxc3 b6 12. Bb5 Bd7 13. Bxc6 Bxc6 14. dxe5 Nd7 15. Nd4 Nxe5 16. Bf4 bxc5 17. Bxe5 cxd4 18. Bxd4 Qd7 19. Re1 Rfe8 20. Qd2 f6 21. h3 a6 22. Qf4 Rxe1+ 23. Rxe1 Re8 24. Rb1 Bb5 25. Qg3 Qf5 26. Rb4 h6 27. a4 Bc4 28. Rb7 Qg5 29. Qc7 Bf1 30. Qf7+ Kh7 31. g3 Re1 32. Bxf6 Bd3+ 33. Kh2 Be4 34. Qxg7+ Qxg7 35. Rxg7+ Kh8 36. g4 h5 37. gxh5 Rh1+ 38. Kg3 Rg1+ 39. Kf4 Rxg7 40. h6 Kh7 41. hxg7 Bc2 42. a5 Be4 43. h4 Kg8 44. Ke5 Kf7 45. h5 Kg8 46. h6 Bf3 47. Ke6 Be4 48. f4 Bf3 49. h7+ Kxh7 50. Kf7 1-0


[Site "https://www.chess.com"]

[Event "Titled Tuesday Blitz April 11 Late 2023"]
[White "Roberson, Peter T"]
[Black "Hakobyan, Aram"]
[WhiteFideId "412384"]
[BlackFideId "13306677"]
[WhiteElo "2346"]
[BlackElo "2584"]
[Result "0-1"]
[Round "01"]
[TimeControl "180+2"]
[Date "2023.04.11"]
[WhiteClock "0:00:00"]
[BlackClock "0:00:01"]

1. e4 g6 2. d4 Bg7 3. Nc3 c5 4. dxc5 Bxc3+ 5. bxc3 Nf6 6. Bh6 Qa5 7. Qd4 Nc6 8. Qc4 b6 9. Bg7 Ba6 10. Qb3 Bxf1 11. Kxf1 Nxe4 12. Nf3 Qxc5 13. Bd4 Nxd4 14. cxd4 Qc3 15. Qd5 Qxa1+ 16. Ke2 Nc3+ 0-1


[Site "https://www.chess.com"]

[Event "Titled Tuesday Blitz April 11 Late 2023"]
[White "Ferreira, Vitor Hugo Vieira"]
[Black "Paravyan, David"]
[WhiteFideId "2119765"]
[BlackFideId "4194985"]
[WhiteElo "2146"]
[BlackElo "2563"]
[Result "0-1"]
[Round "01"]
[TimeControl "180+2"]
[Date "2023.04.11"]
[WhiteClock "0:00:00"]
[BlackClock "0:00:01"]

1. Nf3 Nf6 2. g3 c5 3. Bg2 Nc6 4. d3 d5 5. O-O e5 6. c3 h6 7. Qc2 Bd6 8. e4 d4 9. Nbd2 O-O 10. Nc4 Bc7 11. a4 Bg4 12. Nh4 Qd7 13. Nf5 Rad8 14. Nxh6+ gxh6 15. Bxh6 Rfe8 16. Bg5 Nh7 17. Bxd8 Rxd8 18. f3 Be6 19. Rad1 Kh8 20. f4 exf4 21. gxf4 Rg8 22. f5 Bxc4 23. dxc4 Qe7 24. cxd4 Nxd4 25. Qd3 Qh4 26. h3 Rg3 27. Qd2 Ng5 28. e5 Nxh3+ 0-1


[Site "https://www.chess.com"]

[Event "Titled Tuesday Blitz April 11 Late 2023"]
[White "Caruana, Fabiano"]
[Black "Krishnan, Varun"]
[WhiteFideId "2020009"]
[BlackFideId "5054508"]
[WhiteElo "2837"]
[BlackElo "2341"]
[Result "1-0"]
[Round "01"]
[TimeControl "180+2"]
[Date "2023.04.11"]
[WhiteClock "0:00:01"]
[BlackClock "0:00:00"]

1. d4 d5 2. c4 e6 3. Nf3 Nf6 4. h3 dxc4 5. e3 a6 6. Bxc4 c5 7. O-O Nc6 8. Nc3 b5 9. Bd3 Bb7 10. a4 b4 11. Ne4 Nxe4 12. Bxe4 Qc7 13. Qe2 cxd4 14. exd4 Bd6 15. d5 exd5 16. Bxd5+ Ne7 17. Bxb7 Qxb7 18. Rd1 Rd8 19. Bg5 f6 20. Bh4 Qd7 21. Bg3 Qc6 22. Nd4 Qb6 23. a5 Qa7 24. Nc6 Qc7 25. Nxd8 Bxg3 26. Ne6 Qe5 27. Qc4 Bxf2+ 28. Kxf2 Qxb2+ 29. Kg1 Kf7 30. Nd8+ Kg6 31. Qf7+ Kh6 32. Qxe7 Rg8 33. Rac1 b3 34. Rc4 g5 35. Nf7+ Kg6 36. Nd6 Rg7 37. Qe4+ Kh6 38. Nf5+ Kg6 39. Nxg7+ Kxg7 40. Rc7+ 1-0


[Site "https://www.chess.com"]

[Event "Titled Tuesday Blitz April 11 Late 2023"]
[White "Mortazavi, Ali"]
[Black "Firouzja, Alireza"]
[WhiteFideId "401323"]
[BlackFideId "12573981"]
[WhiteElo "2339"]
[BlackElo "2904"]
[Result "1-0"]
[Round "01"]
[TimeControl "180+2"]
[Date "2023.04.11"]
[WhiteClock "0:00:00"]
[BlackClock "0:00:00"]

1. Nf3 Nf6 2. g3 d5 3. Bg2 e6 4. O-O Be7 5. d3 O-O 6. Nbd2 b6 7. e4 dxe4 8. Ng5 Bb7 9. a4 c5 10. a5 Nbd7 11. Ngxe4 Qc7 12. Re1 Rfd8 13. a6 Bc6 14. Qe2 Nd5 15. Nc4 Rac8 16. c3 Nf8 17. h4 h6 18. h5 Nh7 19. Bd2 f5 20. Nxc5 Bxc5 21. Qxe6+ Kh8 22. Ne5 Nf8 23. Nf7+ Kh7 24. Qxf5+ Kg8 25. Nxd8 Rxd8 26. d4 Ne7 27. Qg4 Bxg2 28. Bxh6 Nc8 29. dxc5 Ba8 30. Bg5 Qc6 31. f3 Rd7 32. Re3 Qxc5 33. Re1 Nd6 34. Kh2 Nf7 35. Bf6 Nh6 36. Qg5 Rd2+ 37. R1e2 Rxe2+ 38. Rxe2 Qxg5 39. Bxg5 Nf7 40. Re8 1-0


[Site "https://www.chess.com"]

[Event "Titled Tuesday Blitz April 11 Late 2023"]
[White "Sadhwani, Raunak"]
[Black "Silva, Caio Henrique Angelico"]
[WhiteFideId "35093487"]
[BlackFideId "22777210"]
[WhiteElo "2631"]
[BlackElo "2096"]
[Result "1-0"]
[Round "01"]
[TimeControl "180+2"]
[Date "2023.04.11"]
[WhiteClock "0:00:01"]
[BlackClock "0:00:00"]

1. Nf3 Nf6 2. b3 g6 3. Bb2 Bg7 4. g3 O-O 5. Bg2 b6 6. O-O Bb7 7. c4 c5 8. d4 cxd4 9. Qxd4 Nc6 10. Qh4 d6 11. Nc3 a6 12. Rfd1 Qc7 13. Rac1 Rac8 14. Nd5 Qd8 15. Nxf6+ exf6 16. Rd2 Qe7 17. Rcd1 Rfd8 18. Ba3 Qe6 19. Nd4 Nxd4 20. Bxb7 Rb8 21. Bd5 Nf5 22. Bxe6 Nxh4 23. Bh3 Nf5 24. Bxf5 gxf5 25. Bxd6 Rb7 26. Rd5 Rbd7 27. Bc7 Rxd5 28. Rxd5 Rd7 29. Rxd7 1-0


[Site "https://www.chess.com"]

[Event "Titled Tuesday Blitz April 11 Late 2023"]
[White "Taboas Rodriguez, Daniel"]
[Black "Svane, Rasmus"]
[WhiteFideId "2208466"]
[BlackFideId "4657101"]
[WhiteElo "2365"]
[BlackElo "2597"]
[Result "0-1"]
[Round "01"]
[TimeControl "180+2"]
[Date "2023.04.11"]
[WhiteClock "0:00:10"]
[BlackClock "0:00:07"]

1. d4 d5 2. Nf3 e6 3. c4 a6 4. cxd5 exd5 5. Nc3 Nf6 6. Bg5 Be6 7. e3 Nbd7 8. Bd3 Bd6 9. O-O c6 10. Rb1 Qc7 11. b4 Bg4 12. h3 Bh5 13. a4 h6 14. Bxf6 Nxf6 15. Qc2 Bxf3 16. gxf3 O-O 17. Kh1 Kh8 18. Rg1 Rg8 19. Rg2 Qe7 20. b5 cxb5 21. axb5 a5 22. Na4 Rac8 23. Qe2 Qd7 24. Rg4 Nxg4 25. fxg4 Bc7 26. Qf3 Qd6 27. Kg2 Rgf8 28. Nc5 b6 29. Na6 Bb8 30. Nxb8 Rxb8 31. Rc1 Qd7 32. Rc6 a4 33. Bf5 Qd8 34. Bc2 a3 35. Qf5 g6 36. Qe5+ f6 37. Qf4 g5 38. Qf5 Rb7 39. Bb1 Rg7 40. Qe6 Qd7 41. Rxb6 Qxe6 42. Rxe6 Ra7 43. Ba2 Rb8 44. Bxd5 Rxb5 45. Re8+ Kg7 46. Bc4 Rb4 47. Bd5 a2 48. Bxa2 Rxa2 49. Re7+ Kf8 50. Rh7 Rbb2 51. Rxh6 Rxf2+ 52. Kg3 Kg7 53. Rh5 Rf1 54. h4 Re2 55. hxg5 Rxe3+ 56. Kg2 Rf4 57. gxf6+ Kxf6 58. Rh6+ Kg5 59. Rd6 Kxg4 60. Rg6+ Kf5 61. Rd6 Rd3 62. d5 Rfd4 0-1


[Site "https://www.chess.com"]

[Event "Titled Tuesday Blitz April 11 Late 2023"]
[White "Bortnyk, Mykola"]
[Black "Araujo Sanchez, Josue"]
[WhiteFideId "14120836"]
[BlackFideId "6416896"]
[WhiteElo "2582"]
[BlackElo "2420"]
[Result "1-0"]
[Round "01"]
[TimeControl "180+2"]
[Date "2023.04.11"]
[WhiteClock "0:00:01"]
[BlackClock "0:00:00"]

1. Nf3 c5 2. g3 g6 3. Bg2 Bg7 4. O-O Nc6 5. c4 e5 6. Nc3 Nge7 7. d3 O-O 8. Nd2 d6 9. Rb1 Be6 10. a3 d5 11. cxd5 Nxd5 12. Nde4 Nxc3 13. bxc3 Qe7 14. Be3 b6 15. Nxc5 bxc5 16. Bxc6 Rac8 17. Qa4 c4 18. dxc4 Rfd8 19. c5 Rc7 20. Bg2 h5 21. h4 Rdc8 22. c6 Bf8 23. Rb7 Qxa3 24. Qxa3 Bxa3 25. Ra1 Bd6 26. Raxa7 Kf8 27. Bb6 Rxc6 28. Bxc6 Rxc6 29. Ba5 Rc4 30. Bc7 Bc5 31. Ra8+ Ke7 32. Bxe5+ Bd7 33. Bd4 1-0


[Site "https://www.chess.com"]

[Event "Titled Tuesday Blitz April 11 Late 2023"]
[White "Martinez Alcantara, Jose Eduardo"]
[Black "Luo, Terry"]
[WhiteFideId "3805662"]
[BlackFideId "30931045"]
[WhiteElo "2711"]
[BlackElo "2265"]
[Result "1-0"]
[Round "01"]
[TimeControl "180+2"]
[Date "2023.04.11"]
[WhiteClock "0:00:01"]
[BlackClock "0:00:00"]

1. e4 e5 2. Nf3 Nc6 3. Bb5 a6 4. Ba4 Nge7 5. O-O Ng6 6. c3 d5 7. exd5 Qxd5 8. d4 Bg4 9. Bb3 Bxf3 10. Bxd5 Bxd1 11. Bxc6+ bxc6 12. Rxd1 O-O-O 13. Be3 f5 14. f3 Be7 15. Nd2 Bf6 16. Nb3 Rhe8 17. Bf2 Nf4 18. Kf1 Ne6 19. dxe5 Bxe5 20. g3 Rd5 21. Re1 Kd7 22. c4 Rd3 23. Rxe5 1-0


[Site "https://www.chess.com"]

[Event "Titled Tuesday Blitz April 11 Late 2023"]
[White "Goltseva, Ekaterina"]
[Black "Anton Guijarro, David"]
[WhiteFideId "24173770"]
[BlackFideId "2285525"]
[WhiteElo "2200"]
[BlackElo "2618"]
[Result "0-1"]
[Round "01"]
[TimeControl "180+2"]
[Date "2023.04.11"]
[WhiteClock "0:00:00"]
[BlackClock "0:00:00"]

1. d4 Nf6 2. c4 e6 3. g3 Bb4+ 4. Nd2 c5 5. a3 Bxd2+ 6. Qxd2 Nc6 7. Nf3 Na5 8. Qc2 b5 9. cxb5 c4 10. Bg2 Bb7 11. Bg5 Nb3 12. Rd1 Qa5+ 13. Qc3 Qxc3+ 14. bxc3 Ne4 15. Nd2 Nbxd2 16. Bxd2 a6 17. Bxe4 Bxe4 18. f3 Bc2 19. Rc1 Bb3 20. b6 Rb8 21. e4 Rxb6 22. Kf2 d6 23. Rb1 Kd7 24. Rb2 Rb5 25. Ra1 f5 26. Ke3 Rf8 27. Rbb1 g5 28. Rf1 Bc2 29. Ra2 Bd3 30. Re1 fxe4 31. fxe4 g4 0-1


[Site "https://www.chess.com"]

[Event "Titled Tuesday Blitz April 11 Late 2023"]
[White "Forgacs, Attila Jr."]
[Black "Xiong, Jeffery"]
[WhiteFideId "773654"]
[BlackFideId "2047640"]
[WhiteElo "2168"]
[BlackElo "2726"]
[Result "0-1"]
[Round "01"]
[TimeControl "180+2"]
[Date "2023.04.11"]
[WhiteClock "0:00:00"]
[BlackClock "0:00:01"]

1. e4 e6 2. d4 d5 3. Nc3 Nf6 4. e5 Nfd7 5. f4 c5 6. Nf3 Nc6 7. Be3 cxd4 8. Nxd4 Qb6 9. Qd2 Qxb2 10. Rb1 Qa3 11. Rb3 Qa5 12. Bb5 Ndb8 13. O-O Be7 14. f5 exf5 15. Nxd5 Qxd2 16. Bxd2 Bd8 17. Nxf5 Bxf5 18. Rxf5 Nd7 19. Bb4 Nd4 20. Bxd7+ Kxd7 21. Rxf7+ Ke6 22. Rxb7 Kxd5 23. Rd3 Kc6 24. Rxg7 Bb6 25. Kh1 Rae8 26. c3 Nf5 27. Rf7 Rxe5 28. g4 Nh4 29. c4 Re6 30. Rfd7 Bc5 31. Bxc5 Kxc5 32. Rc7+ Kb6 33. Rcd7 Re1# 0-1


[Site "https://www.chess.com"]

[Event "Titled Tuesday Blitz April 11 Late 2023"]
[White "Indjic, Aleksandar"]
[Black "Hadzovic, Amir"]
[WhiteFideId "911925"]
[BlackFideId "14402300"]
[WhiteElo "2614"]
[BlackElo "2294"]
[Result "1-0"]
[Round "01"]
[TimeControl "180+2"]
[Date "2023.04.11"]
[WhiteClock "0:00:01"]
[BlackClock "0:00:00"]

1. Nf3 d6 2. d4 Nf6 3. g3 g6 4. Bg2 Bg7 5. O-O c6 6. c4 Qa5 7. h3 O-O 8. Nc3 e5 9. e4 Re8 10. d5 cxd5 11. cxd5 Na6 12. Be3 Nc5 13. Nd2 a6 14. Rb1 Qc7 15. b4 Ncd7 16. Rc1 Qd8 17. a4 a5 18. Nb5 axb4 19. Nxd6 Re7 20. Qb3 Bf8 21. Qxb4 b6 22. Nb5 Ba6 23. Rc6 Nc5 24. Bxc5 bxc5 25. Qc3 Rb7 26. Rb1 Rab8 27. Rxa6 1-0


[Site "https://www.chess.com"]

[Event "Titled Tuesday Blitz April 11 Late 2023"]
[White "Petre, Nad-Titus"]
[Black "Deac, Bogdan-Daniel"]
[WhiteFideId "1204165"]
[BlackFideId "1226380"]
[WhiteElo "2354"]
[BlackElo "2649"]
[Result "0-1"]
[Round "01"]
[TimeControl "180+2"]
[Date "2023.04.11"]
[WhiteClock "0:00:08"]
[BlackClock "0:00:04"]

1. c4 b6 2. Nf3 Bb7 3. g3 Bxf3 4. exf3 c5 5. Bg2 Nc6 6. f4 g6 7. O-O Bg7 8. d3 Nh6 9. Re1 Nf5 10. Nc3 O-O 11. Bd2 Rc8 12. a3 e6 13. Rb1 d6 14. b4 Ncd4 15. Ne4 Qd7 16. h4 h5 17. Ng5 d5 18. bxc5 bxc5 19. a4 Rb8 20. a5 Rfd8 21. cxd5 exd5 22. Bh3 Qc6 23. Bg2 Bf6 24. Nf3 Rxb1 25. Qxb1 Qa6 26. Ne5 Kg7 27. Bc3 Nb5 28. Bd2 Nfd4 29. Qa2 Nc7 30. Qa3 Nce6 31. Rc1 Ne2+ 32. Kh2 Nxc1 33. Bxc1 Qb5 34. a6 Bxe5 35. fxe5 c4 36. Qe7 Qe8 37. Qf6+ Kg8 38. Bh6 Kh7 39. Bd2 Rd7 40. Bf1 Qd8 41. Qf3 Qc7 42. dxc4 dxc4 43. Qe3 Kg8 44. Bc3 Qc5 45. Qf3 Qd5 46. Qe3 Qc6 47. Bg2 Qxa6 48. Bh3 Rd3 49. Qe1 Qb6 50. Ba5 Qc5 51. Bxe6 fxe6 52. Bb4 Qb6 53. Bd6 c3 54. Kh3 Qd4 55. Qb1 Qg4+ 56. Kg2 Qe4+ 57. Kh2 g5 58. Qb8+ Kh7 59. Qc7+ Kg6 60. Qe7 Qf5 61. Qe8+ Kg7 62. Qe7+ Qf7 63. Qxg5+ Kh7 64. f4 Rd2+ 65. Kh3 Qf5+ 66. Qxf5+ exf5 67. e6 Rxd6 0-1


[Site "https://www.chess.com"]

[Event "Titled Tuesday Blitz April 11 Late 2023"]
[White "Kollars, Dmitrij"]
[Black "Manukyan, Artyom"]
[WhiteFideId "12909572"]
[BlackFideId "13305786"]
[WhiteElo "2584"]
[BlackElo "2078"]
[Result "1-0"]
[Round "01"]
[TimeControl "180+2"]
[Date "2023.04.11"]
[WhiteClock "0:00:01"]
[BlackClock "0:00:00"]

1. e4 c5 2. Nf3 d6 3. Bb5+ Bd7 4. Bxd7+ Qxd7 5. c4 Nc6 6. Nc3 Nf6 7. d4 cxd4 8. Nxd4 g6 9. f3 Bg7 10. Be3 O-O 11. O-O Rfc8 12. b3 a6 13. Qd3 Ne5 14. Qd2 Nc6 15. Na4 Nxd4 16. Bxd4 b5 17. Nb6 Qb7 18. Rac1 bxc4 19. Nxc8 Rxc8 20. Rxc4 Rxc4 21. bxc4 Qc6 22. Qb4 h5 23. c5 dxc5 24. Qxc5 Qd7 25. Rc1 Kh7 26. Bf2 Qd2 27. Qc2 Qd6 28. g3 Qa3 29. Kg2 g5 30. e5+ 1-0


[Site "https://www.chess.com"]

[Event "Titled Tuesday Blitz April 11 Late 2023"]
[White "Manea, Alexandru"]
[Black "Steinberg, Nitzan"]
[WhiteFideId "1207660"]
[BlackFideId "2801795"]
[WhiteElo "2226"]
[BlackElo "2486"]
[Result "0-1"]
[Round "01"]
[TimeControl "180+2"]
[Date "2023.04.11"]
[WhiteClock "0:00:00"]
[BlackClock "0:00:01"]

1. g3 d5 2. Bg2 Nf6 3. Nf3 g6 4. d4 Bg7 5. O-O Nbd7 6. b3 a5 7. Ba3 a4 8. c4 O-O 9. Nc3 Nb6 10. c5 Nbd7 11. b4 c6 12. b5 Ne4 13. bxc6 Nxc3 14. Qc2 Nxe2+ 15. Qxe2 bxc6 16. Rfe1 e6 17. Rab1 Ba6 18. Qd2 Bb5 19. h4 h6 20. Ne5 Nxe5 21. dxe5 d4 22. f4 d3 23. Kh2 Qd7 24. Bb4 Rfd8 25. a3 Bf8 26. Rbc1 Qa7 27. Be4 Rd4 28. Rc3 Rad8 29. Re3 Qd7 30. Kh3 Be7 31. Bg2 g5 32. Rf3 Re4 33. Rf2 Re2 34. Rxe2 dxe2 35. Qe3 g4+ 36. Kh2 Qd1 37. Rc1 Qd3 38. Qf2 Qb3 39. Re1 Qc2 40. h5 Rd1 41. Qe3 Rxe1 42. Bxe1 Bxc5 0-1


[Site "https://www.chess.com"]

[Event "Titled Tuesday Blitz April 11 Late 2023"]
[White "Zhigalko, Sergei"]
[Black "Pasti, Aron"]
[WhiteFideId "13502956"]
[BlackFideId "785857"]
[WhiteElo "2626"]
[BlackElo "2173"]
[Result "1-0"]
[Round "01"]
[TimeControl "180+2"]
[Date "2023.04.11"]
[WhiteClock "0:00:01"]
[BlackClock "0:00:00"]

1. e4 c5 2. Nf3 e6 3. c3 d5 4. e5 d4 5. Bd3 Ne7 6. O-O g6 7. Na3 Bg7 8. Nc4 O-O 9. Be4 Nbc6 10. a4 d3 11. Re1 Qc7 12. Bxd3 b6 13. Be4 Ba6 14. Nd6 Rad8 15. d4 cxd4 16. cxd4 Nc8 17. Bf4 Nxd6 18. exd6 Qd7 19. Rc1 Nb4 20. Rc7 1-0


[Site "https://www.chess.com"]

[Event "Titled Tuesday Blitz April 11 Late 2023"]
[White "Sai Han Thiha"]
[Black "Terry, Renato"]
[WhiteFideId "13012290"]
[BlackFideId "3803457"]
[WhiteElo "1954"]
[BlackElo "2575"]
[Result "0-1"]
[Round "01"]
[TimeControl "180+2"]
[Date "2023.04.11"]
[WhiteClock "0:00:00"]
[BlackClock "0:00:00"]

1. d4 d5 2. c4 dxc4 3. e3 Nf6 4. Bxc4 e6 5. Nf3 a6 6. O-O c5 7. Bd3 Nc6 8. Nc3 Be7 9. dxc5 Bxc5 10. e4 Qc7 11. Qe2 Ng4 12. g3 Nge5 13. Nxe5 Nxe5 14. Bc2 O-O 15. Be3 Bxe3 16. Qxe3 Nc4 17. Qc1 b5 18. Bb3 Bb7 19. a3 Ne5 20. Qe3 Rfd8 21. Rfd1 h5 22. h3 h4 23. g4 Ng6 24. Ne2 Qe5 25. f3 Qxb2 26. a4 Ne5 27. axb5 axb5 28. Rxa8 Rxa8 29. Rd2 Qxd2 30. Qxd2 Nxf3+ 31. Kf2 Nxd2 0-1


[Site "https://www.chess.com"]